 Dungeon Crawl Stone Soup version 0.20.0-6-gd3061e9 (webtiles) character file.

179 cereshysteria the Poker (level 5, -4/38 HPs)
             Began as a Merfolk Skald on May 28, 2017.
             Slain by Edmund
             ... wielding a +4 flail of holy wrath
              (13 damage)
             ... on level 4 of the Dungeon.
             The game lasted 00:07:45 (2227 turns).

cereshysteria the Poker (Merfolk Skald)             Turns: 2227, Time: 00:07:46

Health: -4/38      AC:  6    Str: 11    XL:     5   Next: 59%
Magic:  0/8        EV: 12    Int: 14    God:
Gold:   221        SH:  0    Dex: 15    Spells: 2/8 levels left

rFire    . . .     SeeInvis .   a - +0 spear
rCold    . . .     Gourm    .   (no shield)
rNeg     . . .     Faith    .   b - +0 leather armour
rPois    .         Spirit   .   (no helmet)
rElec    .         Reflect  .   (no cloak)
rCorr    .         Harm     .   (no gloves)
MR       .....                  l - +2 pair of boots
Stlth    ++........             (no amulet)
Regen    0.2/turn               p - ring of stealth
MPRegen  0.2/turn               s - +2 ring of dexterity

@: infused, hasted, very quick
A: change form in water, swift swim, stealthy swim
a: no special abilities


You were on level 4 of the Dungeon.
You were hungry.

You visited 1 branch of the dungeon, and saw 4 of its levels.

You collected 221 gold pieces.

Inventory:

Hand Weapons
 a - a +0 spear (weapon)
Armour
 b - a +0 leather armour (worn)
 l - a +2 pair of boots (worn)
Jewellery
 n - an uncursed ring of ice
 p - a ring of stealth (left hand)
 s - a +2 ring of dexterity (right hand)
Scrolls
 g - a scroll of noise {unknown}
 h - a scroll of teleportation {unknown}
 i - 3 scrolls of remove curse {unknown}
 j - 3 scrolls of random uselessness {unknown}
 k - a scroll of fog {unknown}
 m - a scroll of magic mapping {unknown}
Potions
 e - 3 potions of flight
 q - a potion of might {unknown}
Books
 c - a book of Battle

   Spells                             Type                      Level
   a - Infusion                       Charms                       1
   b - Shroud of Golubria             Charms/Translocation         2
   c - Song of Slaying                Charms                       2
   d - Spectral Weapon                Hexes/Charms                 3
   e - Regeneration                   Charms/Necromancy            3
Comestibles
 r - 2 bread rations


   Skills:
 - Level 2.1 Fighting
 + Level 6.3 Polearms
 - Level 0.6 Armour
 - Level 2.6 Dodging
 - Level 2.0 Spellcasting
 + Level 5.1 Charms


You had 2 spell levels left.
You knew the following spells:

 Your Spells              Type           Power        Failure   Level  Hunger
a - Infusion              Chrm           ###.         3%          1    ##.....
b - Song of Slaying       Chrm           ###.....     6%          2    ###....
c - Spectral Weapon       Hex/Chrm       #.......     32%         3    ####...


Dungeon Overview and Level Annotations

Branches:
Dungeon (4/15)
 Temple: D:4-7

Altars:
Ashenzari

Annotations:
D:4 Edmund


Message History

Edmund completely misses you.
You closely miss Edmund.
Edmund is severely wounded.
You hit Edmund.
Edmund is severely wounded.
Edmund closely misses you.
You hit Edmund.
Edmund is almost dead.
You hit Edmund but do no damage.
Edmund is almost dead.
You hit Edmund but do no damage.
Edmund is almost dead.
Edmund hits you with a flail of holy wrath.
* * * LOW HITPOINT WARNING * * *
You barely miss Edmund.
Edmund is almost dead.
You hit Edmund.
Edmund is almost dead.
Edmund hits you with a flail of holy wrath!
You die...

## ######## #....... ###
### #####.###.
#..##.##########...#.#
##
#.#.................#.#
#.......@@..#####...#.##
######.####.......[...<#
#.# ###########.##
#...@...# #.## ..#######
#..## ###.## #... ####


You could see Edmund.

Vanquished Creatures
  A scorpion (D:4)
  A worker ant (D:4)
  4 adders
  2 oozes (D:1)
  A worm (D:3)
  A dart slug (D:1)
  A leopard gecko (D:1)
  An orc (D:3)
  2 giant cockroaches (D:1)
  5 goblins
  5 hobgoblins
  5 jackals
  4 kobolds
  3 quokkas (D:3)
  9 bats
  4 frilled lizards
  10 rats
59 creatures vanquished.

Notes
Turn   | Place    | Note
-------+----------+-------------------------------------------
     0 | D:1      | cereshysteria the Merfolk Skald began the quest for the Orb.
     0 | D:1      | Reached XP level 1. HP: 16/16 MP: 3/3
   156 | D:1      | Reached XP level 2. HP: 22/22 MP: 0/5
   187 | D:1      | Reached skill level 4 in Polearms
   206 | D:1      | Reached XP level 3. HP: 23/27 MP: 0/6
   736 | D:1      | Learned a level 2 spell: Song of Slaying
   879 | D:2      | Found a shattered altar of Ashenzari.
   976 | D:2      | Reached skill level 5 in Polearms
   976 | D:2      | Reached XP level 4. HP: 31/33 MP: 2/7
  1569 | D:3      | Learned a level 3 spell: Spectral Weapon
  1722 | D:4      | Reached skill level 6 in Polearms
  1722 | D:4      | Reached skill level 5 in Charms
  1722 | D:4      | Reached XP level 5. HP: 25/38 MP: 2/8
  2181 | D:4      | Noticed Edmund
  2227 | D:4      | Slain by Edmund

Skill      XL: |  1  2  3  4 |
---------------+-------------+-----
Polearms       | 4 5 6 |  6.3
Charms         | 4 5 |  5.1
Fighting       | |  2.1
Armour         | |  0.6
Dodging        | |  2.6
Spellcasting   | |  2.0

Action                   |  1- 3 |  4- 6 || total
-------------------------+-------+-------++-------
Melee: Spear             |   102 |   140 ||   242
 Cast: Infusion          |    20 |    10 ||    30
       Spectral Weapon   |       |     1 ||     1
  Use: Scroll            |     2 |     3 ||     5
       Potion            |       |     1 ||     1
 Stab: Sleeping          |       |     1 ||     1
  Eat: Bread ration      |       |     1 ||     1
Armor: Leather armour    |    23 |    30 ||    53
Dodge: Dodged            |    48 |    44 ||    92
